 Dungeon Crawl Stone Soup version 0.30-a0-847-g17996783a1 (webtiles) character file.

Game seed: 9917373886385692922

76 Darkkill the Shooter (level 4, -4/38 HPs)
             Began as a Minotaur Hunter on Mar 3, 2023.
             Was an Initiate of Gozag.
             Slain by an orc priest
             ... wielding a +0 hand axe
              (5 damage)
             ... on level 3 of the Dungeon.
             The game lasted 00:04:05 (2305 turns).

Darkkill the Shooter (Minotaur Hunter)              Turns: 2305, Time: 00:04:06

Health: -4/38      AC:  3    Str: 15    XL:     4   Next: 12%
Magic:  3/3        EV: 12    Int:  6    God:    Gozag
Gold:   498        SH:  0    Dex: 16    Spells: 3/3 levels left

rFire   . . .      SeeInvis .    a - +0 shortbow
rCold   . . .      Faith    .    (shield currently unavailable)
rNeg    . . .      Spirit   .    c - +0 leather armour
rPois   .          Reflect  .    (helmet restricted)
rElec   .          Rampage  .    (no cloak)
rCorr   .                        (no gloves)
Will    .....                    (no boots)
Stlth   ++                       (no amulet)
HPRegen 0.26/turn                (no ring)
MPRegen 0.08/turn                (no ring)

@: no status effects
A: horns 2, retaliatory headbutt
a: Renounce Religion, Potion Petition, Call Merchant, Bribe Branch


You were on level 3 of the Dungeon.
You worshipped Gozag.
Gozag was aware of your devotion.
You visited 1 branch of the dungeon, and saw 3 of its levels.

You collected 598 gold pieces.
You spent 36 gold pieces at shops.
You paid 64 gold pieces to Gozag.

Inventory:

Hand Weapons
 a - a +0 shortbow (weapon)
Missiles
 e - 5 boomerangs of dispersal {=f !f}
 g - 23 stones
 o - 5 poisoned darts
Armour
 c - a +0 leather armour (worn)
Scrolls
 b - 3 scrolls of immolation
 n - a scroll of magic mapping
 p - a scroll of fog {unknown}
 q - a scroll of poison {unknown}
Potions
 d - 2 potions of attraction
 f - a potion of resistance
 h - a potion of might {unknown}
 i - a potion of berserk rage {unknown}
 j - a potion of curing {@q1}
 k - a potion of heal wounds {unknown}
 l - a potion of ambrosia {unknown}
 m - a potion of degeneration {unknown}


   Skills:
 + Level 3.3 Fighting
 + Level 4.9 Ranged Weapons
 + Level 3.1 Dodging
 + Level 1.8 Stealth


You had 3 spell levels left.
You didn't know any spells.
Your spell library contained the following spells:

 Spells                   Type           Power      Damage    Failure   Level
 Ignite Poison            Fire/Tmut/Pois 0%         N/A       88%         3
 Sticky Flame             Conj/Fire      0%         2d3       99%         4
 Summon Ice Beast         Ice/Summ       0%         N/A       99%         4
 Summon Mana Viper        Hex/Summ       0%         N/A       100%        5
 Monstrous Menagerie      Summ           0%         N/A       100%        7
 Ignition                 Fire           0%         3d3       100%        8


Dungeon Overview and Level Annotations

Branches:
Dungeon (3/15)

Altars:
Gozag
Sif Muna
Wu Jian
Xom
The Shining One

Shops:
D:1 !


Innate Abilities, Weirdness & Mutations

You have a pair of horns on your head.
You reflexively headbutt those who attack you in melee.


Message History

The orc is moderately wounded.
There are monsters nearby!
You shoot an arrow. The arrow hits the orc!
You kill the orc!
You shoot an arrow. The arrow hits the orc!
You kill the orc!
The orc priest invokes the aid of Beogh against you.
Beogh smites you!
An orc priest is nearby!
You are too injured to fight recklessly!
An orc priest is nearby!
You are too injured to fight recklessly!
An orc priest is nearby!
You are too injured to fight recklessly!
An orc priest is nearby!
You are too injured to fight recklessly!
You are too injured to fight recklessly!
An orc priest is nearby!
Fire: a) +0 shortbow
Press: ? - help, Q - select action, (/) - cycle Shift-Dir - straight line, f - orc priest
Aim: an orc priest, wielding a +0 hand axe and wearing a +0 chain mail (70% to hit)
You shoot an arrow. The arrow hits the orc priest.
The orc priest is moderately wounded.
Fire: a) +0 shortbow
Press: ? - help, Q - select action, (/) - cycle Shift-Dir - straight line, f/p - orc priest
Aim: an orc priest, wielding a +0 hand axe and wearing a +0 chain mail (moderately wounded, 70% to hit)
You shoot an arrow. The arrow barely misses the orc priest.
The orc priest calls down the wrath of Beogh upon you.
Pain shoots through your body!
Fire: a) +0 shortbow
Press: ? - help, Q - select action, (/) - cycle Shift-Dir - straight line, f/p - orc priest
Aim: an orc priest, wielding a +0 hand axe and wearing a +0 chain mail (moderately wounded, 70% to hit)
You shoot an arrow.
The arrow hits the orc priest but does no damage.
The orc priest is moderately wounded.
Fire: a) +0 shortbow
Press: ? - help, Q - select action, (/) - cycle Shift-Dir - straight line, f/p - orc priest
Aim: an orc priest, wielding a +0 hand axe and wearing a +0 chain mail (moderately wounded, 70% to hit)
You shoot an arrow.
The arrow hits the orc priest but does no damage.
The orc priest is moderately wounded.
The orc priest is distracted by your dazzling golden aura.
Fire: a) +0 shortbow
Press: ? - help, Q - select action, (/) - cycle Shift-Dir - straight line, f/p - orc priest
Aim: an orc priest, wielding a +0 hand axe and wearing a +0 chain mail (moderately wounded, unaware, hasn't noticed you, 70% to hit)
You shoot an arrow. The orc priest shouts!
The arrow hits the orc priest but does no damage.
The orc priest is no longer distracted by gold.
The orc priest is moderately wounded.
The orc priest begins to cast a cantrip, but forgets the words!
Fire: a) +0 shortbow
Press: ? - help, Q - select action, (/) - cycle Shift-Dir - straight line, f/p - orc priest
Aim: an orc priest, wielding a +0 hand axe and wearing a +0 chain mail (moderately wounded, 70% to hit)
You shoot an arrow.
The arrow closely misses the orc priest.
Fire: a) +0 shortbow
Press: ? - help, Q - select action, (/) - cycle Shift-Dir - straight line, f/p - orc priest
Aim: an orc priest, wielding a +0 hand axe and wearing a +0 chain mail (moderately wounded, 70% to hit)
You shoot an arrow. The arrow hits the orc priest.
The orc priest is severely wounded.
The orc priest hits you with a +0 hand axe.
Fire: a) +0 shortbow
Press: ? - help, Q - select action, (/) - cycle Shift-Dir - straight line, f/p - orc priest
Aim: an orc priest, wielding a +0 hand axe and wearing a +0 chain mail (severely wounded, 70% to hit)
You shoot an arrow.
The arrow hits the orc priest but does no damage.
The orc priest is severely wounded.
The orc priest is distracted by your dazzling golden aura.
Fire: a) +0 shortbow
Press: ? - help, Q - select action, (/) - cycle Shift-Dir - straight line, f/p - orc priest
Aim: an orc priest, wielding a +0 hand axe and wearing a +0 chain mail (severely wounded, unaware, hasn't noticed you, 70% to hit)
You shoot an arrow. The orc priest shouts!
The arrow hits the orc priest but does no damage.
The orc priest is no longer distracted by gold.
The orc priest is severely wounded.
The orc priest calls down the wrath of Beogh upon you.
Beogh smites you!
* * * LOW HITPOINT WARNING * * *
Fire: a) +0 shortbow
Press: ? - help, Q - select action, (/) - cycle Shift-Dir - straight line, f/p - orc priest
Aim: an orc priest, wielding a +0 hand axe and wearing a +0 chain mail (severely wounded, 70% to hit)
You shoot an arrow. The arrow barely misses the orc priest.
The orc priest hits you with a +0 hand axe.
* * * LOW HITPOINT WARNING * * *
The orc priest looks satisfied for a moment.
Fire: a) +0 shortbow
Press: ? - help, Q - select action, (/) - cycle Shift-Dir - straight line, f/p - orc priest
Aim: an orc priest, wielding a +0 hand axe and wearing a +0 chain mail (severely wounded, 70% to hit)
You shoot an arrow. The arrow hits the orc priest.
The orc priest is almost dead.
The orc priest barely misses you.
Fire: a) +0 shortbow
Press: ? - help, Q - select action, (/) - cycle Shift-Dir - straight line, f/p - orc priest
Aim: an orc priest, wielding a +0 hand axe and wearing a +0 chain mail (almost dead, 70% to hit)
You shoot an arrow. The arrow barely misses the orc priest.
The orc priest hits you with a +0 hand axe.
You die...
Your body crumbles into a pile of gold.

..# #### ####.# ####...
.>##.# .....####.##.#
#### .......#.##.# #...
....#.#.##.# #...
#.#.#.#.##.#
####.$.####.#.#.#.##.###
..$.$.o@.......<........
.###...####.#.##########
#... #.#.......##.. ####
#.#######.##.# #.# #..
#.# #.. #.###
#########.. #..
....####.......### #..
#.#....#.......# #..


You could see an orc priest.

Vanquished Creatures
  3 adders
  A worm (D:3)
  2 orcs (D:3)
  4 ball pythons
  4 bats
  2 endoplasms
  4 giant cockroaches
  4 goblins (D:1)
  2 hobgoblins
  4 quokkas
  3 frilled lizards
  7 kobolds
  2 rats
42 creatures vanquished.

Notes
Turn   | Place    | Note
-------+----------+-------------------------------------------
     0 | D:1      | Darkkill the Minotaur Hunter began the quest for the Orb.
     0 | D:1      | Reached XP level 1. HP: 18/18 MP: 0/0
    65 | D:1      | Reached skill level 1 in Stealth
   133 | D:1      | Reached XP level 2. HP: 25/25 MP: 1/1
   254 | D:1      | Found Mozxieps's Distillery.
   262 | D:1      | Bought a potion of curing for 36 gold pieces
   683 | D:1      | Identified a scroll of acquirement
   683 | D:1      | Acquired 373 gold pieces
   805 | D:2      | Reached XP level 3. HP: 26/31 MP: 2/2
   921 | D:2      | Found a faded altar of an unknown god.
  2001 | D:3      | Found an ornate altar of the Wu Jian Council.
  2017 | D:3      | Found a shimmering altar of Xom.
  2025 | D:3      | Found an opulent altar of Gozag.
  2043 | D:3      | Reached XP level 4. HP: 38/38 MP: 3/3
  2049 | D:3      | Became a worshipper of Gozag Ym Sagoz the Greedy
  2107 | D:3      | Found a shimmering blue altar of Sif Muna.
  2134 | D:3      | Found a glowing golden altar of the Shining One.
  2302 | D:3      | HP: 2/38 [orc priest/divine providence (11)]
  2305 | D:3      | Slain by an orc priest

Illustrated notes

Levels and vault maps discovered:
D:1:      evilmike_arrival_home_sweet_home, layout_loops_ring, serial_shops,
          nicolae_shop_stone, grunt_decor_one_mirror
D:2:      layout_loops_corners, hellmonk_ecumenical_altar_zigzags,
          nicolae_kite_square_tiling_tiny, reono_crystal_passage,
          ebering_dispersal_statue_hall, kennysheep_generic_room_4
D:3:      layout_basic, grunt_gozag_statues, nicolae_overflow_quartered_altars,
          minmay_misc_feat_doors

Skill      XL: |  1  2  3 |
---------------+----------+-----
Stealth        | 1 |  1.8
Fighting       | 3 |  3.3
Dodging        | 3 |  3.1
Ranged Weapons | |  4.9

Action                     |  1- 3 |  4- 6 || total
---------------------------+-------+-------++-------
   Fire: Shortbow          |    84 |    23 ||   107
    Use: Scroll            |     6 |       ||     6
 Armour: Leather armour    |     8 |     1 ||     9
  Dodge: Dodged            |    16 |     2 ||    18

Table legend: (Time is in decaauts)
 A = Elapsed time spent in this place.
 B = Non-inter-level travel time spent in this place.
 C = Inter-level travel time spent in this place.
 D = Time resting spent in this place.
 E = Time spent auto-exploring this place.
 F = Levels seen in this place.
 G = Mean time per level.
                   A        B        C        D        E       F      G
               +--------+--------+--------+--------+--------+-----+--------+
         Total |   2336 |   2183 |    153 |      0 |   1936 |   3 |  778.7 |
       Dungeon |   2336 |   2183 |    153 |      0 |   1936 |   3 |  778.7 |
               +--------+--------+--------+--------+--------+-----+--------+

Top non-repeatable levels by time:
     D:2: 1067 daAuts
     D:1: 776 daAuts
     D:3: 493 daAuts

Table legend:
 A = Kills in this place as a percentage of kills in the entire game.
 B = Kills by you in this place as a percentage of kills by you in the entire game.
 C = Kills by friends in this place as a percentage of kills by friends in the entire game.
 D = Other kills in this place as a percentage of other kills in the entire game.
 E = Experience gained in this place as a percentage of experience gained in the entire game.
 F = Experience gained in this place divided by the number of levels of this place that you have seen.
                   A       B       C       D       E      F
               +-------+-------+-------+-------+-------+----------------------
         Total | 100.0 | 100.0 |   N/A |   N/A | 100.0 |  36.3
       Dungeon | 100.0 | 100.0 |   N/A |   N/A | 100.0 |  36.3
               +-------+-------+-------+-------+-------+----------------------
